[Event "Late-Titled-Tuesday-Blitz-December-26-2023"]
[Site "Chess.com"]
[Date "2023.12.26"]
[Round "9"]
[White "miraitrunks"]
[Black "SmirnovTimofey2000"]
[Result "1-0"]
[WhiteElo "2080"]
[BlackElo "1991"]
[TimeControl "180+1"]
[EndTime "15:43:43 PST"]
[Termination "miraitrunks won by resignation"]

1. e4 e5 2. Nf3 Nf6 3. Nxe5 d6 4. Nc4 Nxe4 5. d4 d5 6. Ne3 Be7 7. c4 Bb4+ 8. Bd2 Nxd2 9. Nxd2 dxc4 10. a3 Bxd2+ 11.
Qxd2 b5 12. Qb4 a6 13. O-O-O Qe7 14. Qc3 O-O 15. Be2 Nc6 16. Rhe1 Bb7 17. Bf3 Qf6 18. Rd2 Nd8 19. Bxb7 Nxb7 20. Nd5 Qd6 21. Ne7+ Kh8 22.
Nf5 Qf6 23. Re5 Rfe8 24. Rde2 Rxe5 25. Rxe5 Nd6 26. Ne7 Qxf2 27. Qh3 Qf1+ 28. Kd2 Qf2+ 29. Kc3 h6 30. Nf5 Nxf5 31. Rxf5 Qe1+ 32. Kc2 Qe2+ 33.
Kb1 Qd1+ 34. Ka2 Qb3+ 35. Qxb3 cxb3+ 36. Kxb3 Rd8 37. Rxf7 Rxd4 38. Rxc7 Rd6 39. Kb4 Kh7 40. Kc5 Rg6 41. g3 Rg5+ 42. Kb6 Rg6+ 43. Rc6 Rxc6+ 44.
Kxc6 Kg6 45. Kb6 Kg5 46. Kxa6 Kg4 47. Kxb5 Kh3 48. a4 Kxh2 49. a5 Kxg3 50. a6 h5 51. a7 h4 52. a8=Q h3 53. Qh1 1-0

[Event "Late-Titled-Tuesday-Blitz-December-26-2023"]
[Site "Chess.com"]
[Date "2023.12.26"]
[Round "9"]
[White "Hikaru"]
[Black "frederiksvane"]
[Result "1-0"]
[WhiteElo "3222"]
[BlackElo "2969"]
[TimeControl "180+1"]
[EndTime "15:43:44 PST"]
[Termination "Hikaru won by resignation"]

1. e4 e5 2. Bc4 Nf6 3. d3 Nc6 4. Nc3 Na5 5. Qf3 d6 6. Nge2 Be7 7. Ng3 Bg4 8. Qe3 Qd7 9. h3 Nxc4 10. dxc4 Be6 11. b3 h5 12. a4 h4 13. Nge2 c6 14. O-O g5 15. f3 Nh5 16. Nd1 Nf4 17. Nf2 O-O 18. Nxf4 gxf4 19. Qe2 f5 20. Ba3 fxe4 21.
Nxe4 c5 22. Rad1 Qc6 23. Rd2 Bf5 24. Nc3 Rf7 25. Nd5 Bg5 26. Rfd1 Re8 27. Nc3 Re6 28. Rd5 Rg6 29. Ne4 Be7 30. Nf2 Be6 31. R5d2 a5 32. Ng4 b6 33. Re1 Bf5 34. Bb2 Bf8 35.
Kh2 Qe8 36. Bc3 Qe7 37. Qf2 Rh7 38. Ree2 Qe8 39. Rd1 Re6 40. Be1 Qe7 41. Qf1 Qg5 42. Bf2 Qg6 43. Rdd2 e4 44. fxe4 Bxg4 45. hxg4 Qxg4 46.
Rd3 h3 47. gxh3 f3 48. Ree3 Rf6 49. Bg3 f2 50. Bxf2 Qf4+ 51. Rg3+ Kh8 52. Rf3 Qxf3 53. Rxf3 Rxf3 54. Bd4+ 1-0

[Event "Late-Titled-Tuesday-Blitz-December-26-2023"]
[Site "Chess.com"]
[Date "2023.12.26"]
[Round "9"]
[White "Jospem"]
[Black "Szparu"]
[Result "1-0"]
[WhiteElo "3076"]
[BlackElo "2903"]
[TimeControl "180+1"]
[EndTime "15:43:45 PST"]
[Termination "Jospem won on time"]

1. e4 e6 2. d4 d5 3. Nd2 Be7 4.
Ngf3 Nf6 5. e5 Nfd7 6. Bd3 c5 7.
c3 Nc6 8. O-O a5 9. a4 cxd4 10.
cxd4 Nb4 11. Bb5 O-O 12. Nb1 Nb6 13. Nc3 Bd7 14. b3 Rc8 15. Bd2 Na8 16. g3 Nc7 17. h4 Nxb5 18. axb5 Qb6 19. h5 Bxb5 20. Nxb5 Qxb5 21.
h6 g6 22. Bg5 Nc6 23. Kg2 Bxg5 24. Nxg5 Qb4 25. Ra4 Qe7 26. Nf3 b5 27. Ra1 Rc7 28.
Re1 Rfc8 29. Qe2 Qf8 30. Rh1 Rb7 31. Qe3 Ra8 32. Nh2 a4 33. Ng4 a3 34. Rhc1 Rc8 35.
b4 Qxb4 36. Rxa3 Rbc7 37. Rac3 Qe7 38. Qf4 b4 39. Rf3 Nd8 40. Nf6+ Kh8 41. Rb1 Rc3 42.
Ng4 Rxf3 43. Qxf3 Rc3 44. Qf4 b3 45. Qd2 Qc7 46. Qg5 Kg8 47. Nf6+ Kf8 48. Nxh7+ Kg8 49.
Nf6+ Kh8 50. Ne8 Qd7 51. Qf6+ 1-0

[Event "Late-Titled-Tuesday-Blitz-December-26-2023"]
[Site "Chess.com"]
[Date "2023.12.26"]
[Round "9"]
[White "IranianCheetah"]
[Black "zsoltkorpics"]
[Result "0-1"]
[WhiteElo "2360"]
[BlackElo "2510"]
[TimeControl "180+1"]
[EndTime "15:43:46 PST"]
[Termination "zsoltkorpics won on time"]

1. e4 c5 2. Nf3 e6 3. d4 cxd4 4. Nxd4 Nc6 5. Nc3 Qc7 6. Be3 a6 7. a3 Nf6 8. g4 h6 9. Bg2 Ne5 10. h3 Nc4 11. Bc1 Rb8 12. O-O b5 13. Nde2 Bb7 14. b3 Nb6 15. Bb2 Bd6 16. f4 Bc5+ 17. Kh1 h5 18. g5 Ng4 19. Qc1 Ne3 20. Re1 Nxg2 21. Kxg2 f5 22. gxf6 gxf6 23. Kh2 Kf7 24.
b4 Be7 25. Qe3 Nc4 26. Qc1 Bd6 27. Rf1 Rhg8 28. Rb1 Rg7 29. Qe1 Rbg8 30. Rf2 Ne3 31. Bc1 Ng2 32. Qd2 f5 33. e5 Be7 34. Qd3 Nh4 35. Be3 Rg2+ 36. Rxg2 Rxg2+ 37. Kh1 Rxe2+ 38. Kg1 Nf3+ 39. Kf1 Rh2 40. Bg1 Rh1 41. Ne2 Qc6 0-1

[Event "Late-Titled-Tuesday-Blitz-December-26-2023"]
[Site "Chess.com"]
[Date "2023.12.26"]
[Round "9"]
[White "INLOVEWITHF"]
[Black "ATM622"]
[Result "0-1"]
[WhiteElo "2521"]
[BlackElo "2437"]
[TimeControl "180+1"]
[EndTime "15:43:48 PST"]
[Termination "ATM622 won by resignation"]

1. h3 e5 2. d3 d5 3. a3 Nf6 4.
Nd2 Bc5 5. e3 O-O 6. Ne2 Re8 7.
g3 c6 8. Bg2 Bf5 9. b3 Nbd7 10.
Bb2 a5 11. g4 Bg6 12. Ng3 d4 13. e4 Nf8 14. h4 h6 15. g5 hxg5 16. hxg5 N6h7 17. Nf3 Ne6 18. Nh4 Qxg5 19. Bc1 Nf4 20. Bf3 a4 21. b4 Bd6 22. Ngf5 Bf8 23. Kf1 Bxf5 24. Nxf5 g6 25. Ng3 c5 26. b5 Bh6 27.
Ne2 Nf6 28. Nxf4 exf4 29. e5 Rxe5 30. Bxb7 Rae8 31. Bd2 R8e7 32. Bf3 Bf8 33. c4 Qf5 34. Ba5 g5 35. Rg1 Qh3+ 36. Bg2 Qe6 37. Bf3 Bh6 38. b6 Re8 39. b7 Bf8 40. Bc7 Bd6 41. b8=Q Rxb8 42.
Bxb8 Bxb8 43. Qxa4 Qh3+ 44. Rg2 Qh1+ 45. Rg1 Qxf3 46. Re1 Qh3+ 47. Rg2 Rxe1+ 48. Kxe1 Qxg2 49. Qa6 Kg7 50. Qb7 Qxb7 0-1

[Event "Late-Titled-Tuesday-Blitz-December-26-2023"]
[Site "Chess.com"]
[Date "2023.12.26"]
[Round "9"]
[White "UmutErdemGunduz"]
[Black "German_Bazeev"]
[Result "0-1"]
[WhiteElo "2712"]
[BlackElo "2852"]
[TimeControl "180+1"]
[EndTime "15:43:49 PST"]
[Termination "German_Bazeev won by checkmate"]

1. e4 c5 2. Nf3 Nc6 3. d4 cxd4 4. Nxd4 Nf6 5. Nc3 d6 6. Bg5 e6 7. Qd2 a6 8. Nxc6 bxc6 9. O-O-O d5 10. Qe3 Be7 11.
Be2 Bb7 12. h4 Nd7 13. Bxe7 Qxe7 14. g4 Qc5 15. Qg3 d4 16. Na4 Qb4 17. b3 c5 18.
Qd6 Bxe4 19. Rhe1 Qb8 20. Qxb8+ Rxb8 21. Bxa6 Bc6 22. Nb2 Ra8 23. Bc4 Rxa2 24. Bxe6 O-O 25. Bxd7 Bxd7 26. f3 Be6 27. Nd3 Rc8 28. Nf4 c4 29.
bxc4 Rxc4 30. Re2 g6 31. Nxe6 fxe6 32. Rd3 Kf7 33. Kd1 Kf6 34. Red2 e5 35. Rb3 Rc6 36. Re2 Ra1+ 37. Kd2 Rf1 38. Rb5 Re6 39. g5+ Kf5 40. Rb3 Rh1 41. Re4 Rh2+ 42. Kd3 Rc6 43. Rb5 Rc3# 0-1

[Event "Late-Titled-Tuesday-Blitz-December-26-2023"]
[Site "Chess.com"]
[Date "2023.12.26"]
[Round "9"]
[White "SCIM"]
[Black "BardArtem"]
[Result "0-1"]
[WhiteElo "2517"]
[BlackElo "2674"]
[TimeControl "180+1"]
[EndTime "15:43:49 PST"]
[Termination "BardArtem won on time"]

1. d4 d5 2. c4 e6 3. Nf3 Nf6 4. g3 dxc4 5. Qa4+ Nbd7 6. Qxc4 a6 7. Bg2 b5 8. Qc2 Bb7 9. O-O c5 10. Rd1 Rc8 11. Bg5 cxd4 12. Qb3 Nc5 13. Qb4 Nce4 14. Qxd4 Qa5 15. Bxf6 Nxf6 16. Nbd2 Qb4 17. Nb3 Qxd4 18.
Nfxd4 Bxg2 19. Kxg2 Be7 20. a4 b4 21. Rac1 Rxc1 22. Rxc1 Kd7 23. Rd1 Rc8 24. f3 Ke8 25.
Rd2 Nd7 26. e4 Nb6 27. a5 Nc4 28. Re2 Bf6 29. f4 Bxd4 30. Nxd4 Nxa5 31. f5 e5 32. Nf3 f6 33. Rd2 b3 34. Rd6 Rc2+ 35. Kh3 Nc4 36. Rxa6 Rxb2 37. Ra8+ Kd7 38. Rb8 Kc6 39. Ne1 Nd2 40. Nd3 Rb1 41. Rc8+ Kb5 42. Rb8+ Kc4 0-1

[Event "Late-Titled-Tuesday-Blitz-December-26-2023"]
[Site "Chess.com"]
[Date "2023.12.26"]
[Round "9"]
[White "slidingknight2775"]
[Black "Nf3c5"]
[Result "0-1"]
[WhiteElo "2668"]
[BlackElo "2523"]
[TimeControl "180+1"]
[EndTime "15:43:53 PST"]
[Termination "Nf3c5 won by checkmate"]

1. Nf3 d5 2. g3 c6 3. c4 Nf6 4. Bg2 Bg4 5. Ne5 Be6 6. cxd5 Bxd5 7. Nf3 c5 8. Nc3 Bc6 9. O-O e6 10. Re1 Be7 11. e4 O-O 12. d4 cxd4 13. Nxd4 Qb6 14. Nxc6 Nxc6 15. e5 Rfd8 16. Qa4 Nd7 17. Bxc6 bxc6 18.
Be3 Qxb2 19. Bd4 Qb4 20. Qxb4 Bxb4 21. Rec1 c5 22. Be3 Nxe5 23. Ne4 Nd3 24. Rc4 Ne5 25. Rcc1 Ba3 26. Rc2 Rac8 27. Kg2 c4 28. Bxa7 f5 29. Nc3 Nd3 30. Be3 Nb4 31. Re2 Nd5 32. Bd4 Nf4+ 33.
gxf4 Rxd4 34. Nb5 Rd3 35. Nxa3 Rxa3 36. Rxe6 c3 37. Re3 Rc4 38. Kg3 Raa4 39. h3 c2 40. Ree1 Rxf4 41. Rac1 Rfc4 42. Ra1 Ra3+ 43. Kg2 Rcc3 44. Rec1 Kf7 45. h4 Kg6 46. Rh1 Kh5 47.
Rhc1 h6 48. Rh1 g6 49. Rhc1 Kxh4 50. Rh1+ Kg5 51. Rhc1 h5 52. Rh1 h4 53. Rhc1 Kf4 54. Rh1 g5 55. Rhc1 g4 56. Rh1 h3+ 57. Kh2 Kf3 58.
Rhc1 f4 59. Kg1 g3 60. Rf1 h2+ 61. Kh1 g2+ 62. Kxh2 gxf1=Q 63. Rxf1 c1=Q 64. Rxc1 Rxc1 65. Kh3 Rh1# 0-1

[Event "Late-Titled-Tuesday-Blitz-December-26-2023"]
[Site "Chess.com"]
[Date "2023.12.26"]
[Round "9"]
[White "aksuliini1"]
[Black "nindjaxx8"]
[Result "1-0"]
[WhiteElo "2485"]
[BlackElo "2563"]
[TimeControl "180+1"]
[EndTime "15:43:53 PST"]
[Termination "aksuliini1 won by checkmate"]

1. d4 d5 2. c4 e6 3. Nc3 Nf6 4.
Nf3 Be7 5. Bf4 O-O 6. e3 b6 7. cxd5 exd5 8. Be2 Bb7 9. O-O Nbd7 10. h3 c6 11. Rb1 Rc8 12. b4 b5 13. Ne1 Nb6 14. Nd3 Nc4 15. Nc5 Bxc5 16. bxc5 a6 17. e4 Ba8 18. e5 Nd7 19. Bg4 Re8 20. Re1 Rb8 21.
e6 fxe6 22. Bxe6+ Kh8 23. Bxb8 Nxb8 24. Qd3 Rf8 25. Re2 a5 26. Rbe1 Na6 27. Bf7 Qf6 28. Bh5 Nb4 29. Qf3 Qxf3 30. Bxf3 Kg8 31. Re8 Nc2 32. R1e7 Nxd4 33. Rxf8+ Kxf8 34. Ra7 b4 35.
Rxa8+ Ke7 36. Na4 Kf6 37. Nb6 Nb2 38. Rxa5 Nd3 39. Nxd5+ cxd5 40. Bxd5 Ke5 41. c6 Kd6 42. Be4 Nc5 43. Rxc5 Kxc5 44. c7 Ne2+ 45. Kf1 b3 46. c8=Q+ Kd4 47. axb3 Nc3 48. Qc4+ Ke5 49. Qxc3+ Kxe4 50. Qc5 Kf4 51. Ke2 Ke4 52. g3 g5 53. f3# 1-0

[Event "Late-Titled-Tuesday-Blitz-December-26-2023"]
[Site "Chess.com"]
[Date "2023.12.26"]
[Round "9"]
[White "giomar27"]
[Black "Felix-Rose"]
[Result "0-1"]
[WhiteElo "2383"]
[BlackElo "2251"]
[TimeControl "180+1"]
[EndTime "15:43:53 PST"]
[Termination "Felix-Rose won by resignation"]

1. d4 d5 2. Nf3 Nf6 3. Bg5 Ne4 4. Bf4 c5 5. e3 Nc6 6. c3 Qb6 7. Qb3 c4 8. Qc2 Bf5 9. Qc1 h6 10. Nbd2 e6 11. Nxe4 Bxe4 12. Nd2 Bh7 13. b3 cxb3 14. axb3 Be7 15. Be2 O-O 16. O-O Rfc8 17. Qb2 a5 18. c4 dxc4 19. Nxc4 Qd8 20. Rfc1 Nb4 21. Nxa5 Rxc1+ 22. Qxc1 Rxa5 23. Rxa5 Qxa5 24. Qc8+ Qd8 25. Qxb7 Bd3 26.
Bf3 Ba6 27. Qa7 Qc8 28. h3 Bf8 29. Kh2 Nd5 30. Bg3 Qb7 31. Qxb7 Bxb7 32. Kg1 Bb4 33. Kf1 Ba6+ 34. Kg1 Bd3 35. Bd1 Nc3 36. Bf3 Bc2 37. Be5 Bxb3 38. Bg3 Bd5 39. Bg4 g6 40. h4 h5 41. Bh3 Ne2+ 42. Kh2 Nxg3 43. Kxg3 Bd6+ 44. f4 Bb4 45. Kf2 Bc4 46. g3 Kg7 47. Bg2 Kf6 48.
Be4 Bd5 49. Bd3 Bb7 50. Bc4 Bc3 51. Bd3 Bd5 52. Bc2 Bc6 53. Ke2 Bb5+ 54. Kf3 Be8 55. Be4 Be1 56. Bb7 Ke7 57. Be4 Kd6 58. Bd3 Bc6+ 59.
e4 f5 60. Ke3 Bxg3 61. e5+ Ke7 62. Ba6 Bxh4 0-1

[Event "Late-Titled-Tuesday-Blitz-December-26-2023"]
[Site "Chess.com"]
[Date "2023.12.26"]
[Round "9"]
[White "mbojan"]
[Black "lucasmito"]
[Result "1-0"]
[WhiteElo "2900"]
[BlackElo "2743"]
[TimeControl "180+1"]
[EndTime "15:43:54 PST"]
[Termination "mbojan won on time"]

1. a3 d5 2. h3 e5 3. e3 Nc6 4. d4 a6 5. Nf3 e4 6. Nfd2 f5 7. c4 Nf6 8. Nc3 Be6 9. Qb3 Na5 10. Qa4+ c6 11. c5 b5 12. cxb6 Qxb6 13. Qc2 Nb7 14.
Na4 Qc7 15. Nb3 Nd7 16. Bd2 Bd6 17. Rc1 Rc8 18. Bxa6 O-O 19. Bxb7 Qxb7 20. Nac5 Nxc5 21. dxc5 Be5 22. Bc3 d4 23. Nxd4 Bc4 24. b3 Bd3 25. Qb2 f4 26. Ne6 fxe3 27. Nxf8 exf2+ 28. Kxf2 Rxf8+ 29. Kg1 Bf4 30. Bd4 Qd7 31. Rd1 Qd5 32.
Rh2 Bg3 33. Kh1 Qg5 34. Bg1 h5 35. b4 h4 36. Qd4 Qf4 37. a4 Qf5 38. b5 cxb5 39.
axb5 Bxb5 40. Qb4 Bc6 41. Qb3+ Kh7 42. Qc3 e3 43. Qxe3 Bxh2 44. Bxh2 1-0

[Event "Late-Titled-Tuesday-Blitz-December-26-2023"]
[Site "Chess.com"]
[Date "2023.12.26"]
[Round "9"]
[White "Skatchkov_V"]
[Black "attack2mateU"]
[Result "0-1"]
[WhiteElo "2596"]
[BlackElo "2730"]
[TimeControl "180+1"]
[EndTime "15:43:55 PST"]
[Termination "attack2mateU won by resignation"]

1. d4 Nf6 2. c4 g6 3. Nc3 d5 4. Nf3 Bg7 5. Bg5 Ne4 6. Bf4 Nxc3 7.
bxc3 c5 8. e3 O-O 9. cxd5 Qxd5 10. Be2 cxd4 11. cxd4 Qa5+ 12. Qd2 Qxd2+ 13. Kxd2 Nc6 14.
Rhc1 Rd8 15. Ke1 Bf5 16. h3 Nb4 17. Kd2 Nc6 18. Ke1 Nb4 19. Kd2 Nc6 20. g4 Be4 21. Ke1 Nb4 22. Kf1 Nd3 23. Rc7 Nxf4 24. exf4 Bxd4 25.
Nxd4 Rxd4 26. Rxe7 Kf8 27. Rc7 Bc6 28. f5 gxf5 29.
gxf5 Re8 30. Re1 Rd2 31. Bc4 Bg2+ 32. Kxg2 Rxe1 33. Rxf7+ Ke8 34. Rxb7 Re7 35. Rb8+ Kd7 36. f6 Re4 37. f7 Rf4 38. f8=Q Rdxf2+ 39. Kg3 R2f3+ 40.
Kg2 Rxf8 41. Rb7+ Kc6 42. Rxa7 Rc3 43. Bb3 Rd8 44. Rf7 Rd2+ 45. Kg1 Rg3+ 46. Kf1 Rxh3 47. Ke1 Rb2 48. Rf1 Rhh2 49. Rf6+ Kc5 50. Rf5+ Kd6 51.
Rd5+ Kc6 52. Rf5 Rb1+ 0-1

[Event "Late-Titled-Tuesday-Blitz-December-26-2023"]
[Site "Chess.com"]
[Date "2023.12.26"]
[Round "9"]
[White "ExchangeAB"]
[Black "AkatsukiLogHorizon"]
[Result "1/2-1/2"]
[WhiteElo "2490"]
[BlackElo "2252"]
[TimeControl "180+1"]
[EndTime "15:43:56 PST"]
[Termination "Game drawn - insufficient material"]

1. Nf3 Nf6 2. g3 g6 3. Bg2 Bg7 4. O-O O-O 5. c4 d5 6. cxd5 Nxd5 7. Nc3 Nxc3 8. dxc3 c5 9. Be3 Qc7 10. a4 b6 11. a5 Bb7 12. axb6 axb6 13. Qb3 Nc6 14. h4 Na5 15. Qc2 Nc4 16. Bf4 e5 17.
Rxa8 Rxa8 18. Bc1 Nd6 19. Rd1 Be4 20. Qd2 Rd8 21. Qe3 f5 22. b3 Nb5 23. Rxd8+ Qxd8 24. Qd2 Qxd2 25. Bxd2 Bc2 26. b4 cxb4 27. cxb4 Nd6 28. Ne1 Be4 29. Nd3 Bxg2 30. Kxg2 Kf7 31. Nb2 e4 32. Na4 Nc4 33. Be1 Ke6 34. f3 exf3+ 35. Kxf3 Bf8 36. e4 fxe4+ 37. Kxe4 Nd6+ 38. Kf3 Nc4 39. Bf2 b5 40. Nc5+ Kd5 41. Kg4 Be7 42. h5 Ne5+ 43. Kh3 Bxc5 44. Bxc5 gxh5 45. Kh4 Nd3 46.
Bf8 Kc4 47. Kxh5 Nxb4 48. Kh6 Nd5 49. Kxh7 b4 50. Bxb4 Kxb4 51. g4 Kc4 52. g5 Nf4 53. Kg7 Ne6+ 54. Kf6 Nxg5 1/2-1/2

[Event "Late-Titled-Tuesday-Blitz-December-26-2023"]
[Site "Chess.com"]
[Date "2023.12.26"]
[Round "9"]
[White "Petukhov_Dmitry"]
[Black "KNVB"]
[Result "1-0"]
[WhiteElo "2493"]
[BlackElo "2674"]
[TimeControl "180+1"]
[EndTime "15:43:57 PST"]
[Termination "Petukhov_Dmitry won on time"]

1. e4 b6 2. d4 Bb7 3. Bd3 e6 4. Qe2 d5 5. e5 c5 6. c3 Qc8 7.
Be3 Ba6 8. f4 Bxd3 9. Qxd3 Qa6 10. Ke2 Ne7 11. Nf3 Nf5 12. Nbd2 h5 13. g3 Be7 14. a3 Qxd3+ 15. Kxd3 c4+ 16. Ke2 Nc6 17. Bf2 Kd7 18. h3 b5 19. g4 Nh6 20. Rag1 a5 21. Bh4 b4 22. Bxe7 Nxe7 23. Ng5 bxc3 24. bxc3 Rab8 25.
Rb1 f6 26. Ngf3 hxg4 27. hxg4 Nxg4 28. Rxh8 Rxh8 29. Rb7+ Kd8 30. Rb6 fxe5 31. Nxe5 Rh2+ 32. Ke1 Nf6 33. Rxe6 Nf5 34. Ra6 Ne3 35. Nef3 Rg2 36. Rxa5 Nh5 37. Nf1 Nxf1 38. Rxd5+ Ke7 39. Kxf1 Nxf4 40.
Re5+ Kd6 41. Re4 g5 42. Rxf4 Ra2 43. Rf6+ Kd5 44. Nxg5 Rxa3 45. Rf3 Ra2 46. Rf5+ Kd6 47. Rc5 1-0

[Event "Late-Titled-Tuesday-Blitz-December-26-2023"]
[Site "Chess.com"]
[Date "2023.12.26"]
[Round "9"]
[White "rasmussvane"]
[Black "vugarrasulov"]
[Result "0-1"]
[WhiteElo "2923"]
[BlackElo "2948"]
[TimeControl "180+1"]
[EndTime "15:43:59 PST"]
[Termination "vugarrasulov won by checkmate"]

1. Nf3 Nf6 2. g3 d5 3. Bg2 e6 4. O-O Be7 5. c4 O-O 6. b3 b6 7.
d4 Bb7 8. Nc3 Nbd7 9. Bb2 c5 10.
Ne1 cxd4 11. Qxd4 Bc5 12. Qd2 Re8 13. cxd5 exd5 14. Nd3 Rb8 15. Nxc5 bxc5 16. e3 Nb6 17. Rfd1 Qe7 18. Rac1 Rbd8 19. Re1 Qd7 20. Qd3 d4 21. exd4 Bxg2 22. Kxg2 Rxe1 23. Rxe1 cxd4 24. Ne2 h5 25. Nxd4 h4 26. Qf3 h3+ 27. Kg1 Re8 28.
Rf1 Nbd5 29. Nf5 Qe6 30. Bd4 a5 31. Ne3 Nxe3 32. Bxe3 Ng4 33. Bd2 f5 34. Bc3 Rc8 35.
Re1 Qd7 36. Bxa5 Rc2 37. Bb6 Rxa2 38. b4 Rb2 39. Bc5 Kh7 40. Rd1 Qe6 41. Rf1 Kg6 42.
Rd1 Ne5 43. Qc3 Qc6 44. f3 Nxf3+ 45. Kf1 Nxh2+ 46. Ke1 Qh1+ 47. Bg1 Qxg1# 0-1

[Event "Late-Titled-Tuesday-Blitz-December-26-2023"]
[Site "Chess.com"]
[Date "2023.12.26"]
[Round "9"]
[White "IgorBjelobrk"]
[Black "StellarChess"]
[Result "0-1"]
[WhiteElo "2655"]
[BlackElo "2558"]
[TimeControl "180+1"]
[EndTime "15:44:00 PST"]
[Termination "StellarChess won by checkmate"]

1. d4 a6 2. e4 c6 3. Nf3 d5 4.
exd5 cxd5 5. Ne5 Nf6 6. Bd3 e6 7. O-O Be7 8. c3 O-O 9. Re1 Nbd7 10. Nf3 b5 11. Bf4 Bb7 12. Nbd2 b4 13. cxb4 Bxb4 14.
a3 Be7 15. b4 a5 16. b5 a4 17. Qb1 Qa5 18. Ne5 Nxe5 19. dxe5 Ne4 20. Nxe4 dxe4 21. Bxe4 Bxe4 22. Rxe4 Rab8 23. Qc2 Rfc8 24. Qxa4 Qxa4 25. Rxa4 Rxb5 26. h3 g5 27. Bg3 Rc3 28. Kh1 h5 29.
f3 h4 30. Bh2 Rbb3 31. Ra8+ Kg7 32. a4 Ra3 33. Rxa3 Rxa3 34. Bg1 Ra1 35. Kh2 Bb4 36.
Bf2 Bc3 37. f4 gxf4 38. Bxh4 Bxe5 39. Ra5 f6 40. Bf2 Ra2 41. Kg1 Ra1+ 42. Kh2 Kg6 43. Ra6 Kf5 44. a5 Ra2 45. h4 Rxf2 46. Kh3 Rf1 47.
h5 Rh1# 0-1

[Event "Late-Titled-Tuesday-Blitz-December-26-2023"]
[Site "Chess.com"]
[Date "2023.12.26"]
[Round "9"]
[White "staz_staz"]
[Black "cthulhuuu"]
[Result "1-0"]
[WhiteElo "2281"]
[BlackElo "2437"]
[TimeControl "180+1"]
[EndTime "15:44:02 PST"]
[Termination "staz_staz won by resignation"]

1. d4 Nf6 2. Nf3 g6 3. c4 Bg7 4. Nc3 O-O 5. e4 d6 6. Be2 e5 7. Be3 Nc6 8. d5 Ne7 9. Nd2 Nd7 10. Rc1 f5 11. f3 f4 12. Bf2 g5 13. b4 Rf6 14. c5 a6 15. Nc4 Qe8 16. a4 h5 17.
a5 Qg6 18. Na4 g4 19. h3 g3 20. Bg1 Bf8 21. cxd6 cxd6 22. Ncb6 Rb8 23. Rxc8 Nxc8 24. Nxd7 Ra8 25. Nxf6+ Qxf6 26. Nb6 Nxb6 27. Bxb6 Rc8 28.
O-O Qf7 29. Qd2 Qd7 30. Rc1 Be7 31. Bd3 Kf8 32. Rxc8+ Qxc8 33. Qc2 Qd7 34. Qc7 Ke8 35.
Qxd7+ Kxd7 36. Kf1 h4 37. Ke2 Kc8 38. Kd2 Kd7 39. Kc3 Kc8 40. b5 axb5 41. Bxb5 Bd8 42. Bxd8 Kxd8 43. Kc4 Kc7 44. Be8 Kb8 45. Kb5 Ka7 46. Bf7 Kb8 47. Kb6 Kc8 48. a6 Kb8 49. Be6 bxa6 50. Kxa6 Kc7 51. Ka7 Kd8 52. Kb7 Ke7 53.
Kc7 Kf6 54. Kxd6 Kg5 55. Kxe5 Kh5 56. Kxf4 Kh6 57. Kg4 Kg6 58. Kxh4 1-0

[Event "Late-Titled-Tuesday-Blitz-December-26-2023"]
[Site "Chess.com"]
[Date "2023.12.26"]
[Round "9"]
[White "C_K_G"]
[Black "maurovargas01"]
[Result "0-1"]
[WhiteElo "2060"]
[BlackElo "1844"]
[TimeControl "180+1"]
[EndTime "15:44:02 PST"]
[Termination "maurovargas01 won on time"]

1. e4 d5 2. exd5 Qxd5 3. Nc3 Qa5 4. d4 c6 5. Bc4 Nf6 6. Bd2 Qc7 7. Nge2 Bg4 8. f3 Bf5 9. O-O Nbd7 10. Ng3 Bg6 11. Qe2 e6 12. d5 cxd5 13. Bxd5 Nxd5 14. Nxd5 Qc5+ 15. Ne3 Bd6 16. a3 O-O 17. Bb4 Qb6 18. Bxd6 Qxd6 19. Rad1 Qc6 20. Rd2 Nf6 21. Rfd1 Qb6 22. Kh1 Qxb2 23. Nc4 Qb5 24. Nf1 Rac8 25. Nfe3 h6 26. c3 Nh5 27. Qf1 Nf4 28. Rb2 Qa6 29. Nd6 Rxc3 30. Nxb7 Qxf1+ 31. Nxf1 Rxa3 32. g3 Nd5 33. Kg1 Rxf3 34. Ra1 Ra8 35. Nc5 Rc3 36. Na4 Rc6 37.
Nd2 Nc3 38. Nxc3 Rxc3 39. Rba2 Rc7 40. Nb3 Be4 41. Nd4 Bd5 42. Ra3 Rc4 43. Nb5 a6 0-1

[Event "Late-Titled-Tuesday-Blitz-December-26-2023"]
[Site "Chess.com"]
[Date "2023.12.26"]
[Round "9"]
[White "BogdanDeac"]
[Black "Iball95"]
[Result "1-0"]
[WhiteElo "3017"]
[BlackElo "2817"]
[TimeControl "180+1"]
[EndTime "15:44:06 PST"]
[Termination "BogdanDeac won by checkmate"]

1. b3 d5 2. Bb2 Nf6 3. e3 e6 4.
c4 c5 5. Nf3 Nc6 6. cxd5 exd5 7. Bb5 Bd7 8. O-O Bd6 9. d4 cxd4 10. Nxd4 O-O 11. Be2 Re8 12. Nf3 Bg4 13. Nc3 Qd7 14. g3 Bc5 15. Rc1 Rad8 16. Na4 Be7 17. Nd4 Bh3 18. Nxc6 bxc6 19. Bxf6 Bxf6 20. Nc5 Qf5 21.
Re1 Re7 22. Bd3 Qg5 23. Na4 Rd6 24. f4 Qh6 25. Qf3 Bd7 26. Nc5 Bc8 27. Rc2 Qh3 28. Rec1 h5 29. Bf1 Qg4 30. Qxg4 Bxg4 31. Kf2 h4 32. Bd3 g6 33. Be2 Bf5 34. Bd3 Bg4 35.
Rd2 Kg7 36. Be2 Bf5 37. g4 Bc8 38. g5 d4 39. gxf6+ Kxf6 40. Rxd4 Rxd4 41. exd4 Bg4 42. Bxg4 g5 43. fxg5+ Kxg5 44. Bf3 f5 45. Nd3 h3 46.
Rxc6 Kh4 47. Ne5 f4 48. Ng6+ Kg5 49. Nxe7 a5 50. Rg6+ Kh4 51. Nf5# 1-0

[Event "Late-Titled-Tuesday-Blitz-December-26-2023"]
[Site "Chess.com"]
[Date "2023.12.26"]
[Round "9"]
[White "DCacheiro"]
[Black "yaguigor"]
[Result "0-1"]
[WhiteElo "2557"]
[BlackElo "2590"]
[TimeControl "180+1"]
[EndTime "15:44:06 PST"]
[Termination "yaguigor won by resignation"]

1. e4 c5 2. Nf3 Nc6 3. d4 cxd4 4. Nxd4 Nf6 5. Nc3 e5 6. Ndb5 d6 7. Nd5 Nxd5 8. exd5 Nb8 9. Qf3 Be7 10. Qc3 Na6 11. Be3 O-O 12. Nxa7 Bd7 13. Bxa6 bxa6 14. Nc6 Bxc6 15. dxc6 d5 16. Bc5 d4 17. Qc4 Bxc5 18. Qxc5 Qc7 19. O-O-O Rab8 20. Rhe1 Rb5 21. Qc4 Qb6 22. b3 Rc5 23. Qd3 Qxc6 24. f3 Rc8 25. Re2 Rc3 26. Qe4 Qxe4 27. fxe4 d3 28. Red2 Rxc2+ 29. Kb1 f6 30. g3 Rxd2 31. Rxd2 Rd8 32. Kb2 Rd4 33. Kc3 Rxe4 34. Rxd3 Re2 35. a4 Rxh2 36.
Rd6 a5 37. Ra6 Rh3 38. Rxa5 Rxg3+ 39. Kc4 h5 40. Rd5 Rg1 41. a5 Ra1 42. Kb5 h4 43. a6 Kh7 44. Kb6 g5 45. Ra5 Rd1 46. a7 Rd8 47. a8=Q Rxa8 48. Rxa8 h3 49. Kc5 g4 50. b4 h2 51. Ra1 g3 52. b5 g2 53. Kc6 h1=Q 0-1

[Event "Late-Titled-Tuesday-Blitz-December-26-2023"]
[Site "Chess.com"]
[Date "2023.12.26"]
[Round "9"]
[White "a-z30"]
[Black "CheckThis4"]
[Result "1/2-1/2"]
[WhiteElo "2525"]
[BlackElo "2707"]
[TimeControl "180+1"]
[EndTime "15:44:11 PST"]
[Termination "Game drawn by repetition"]

1. c4 Nf6 2. Nc3 g6 3. g3 Bg7 4. Bg2 O-O 5. Nf3 d6 6. O-O e5 7. d3 Nc6 8. Bg5 h6 9. Bxf6 Qxf6 10. Rb1 a5 11. a3 Qd8 12. b4 axb4 13. axb4 f5 14. Nd5 Ne7 15. Nd2 Nxd5 16. cxd5 h5 17. b5 b6 18. Rb4 Bh6 19. Rc4 Ra2 20. e3 Bd7 21. Rb4 Kh7 22. Nc4 f4 23. Ra4 Rxa4 24. Qxa4 f3 25. Bh1 g5 26. Ra1 g4 27. Nd2 Bf5 28. Ne4 Qd7 29. Qc4 Bxe4 30. Qxe4+ Qf5 31.
Qc4 Rf7 32. Ra7 Bg7 33. h3 e4 34. hxg4 hxg4 35. Qxe4 Qxe4 36. dxe4 Be5 37. Kf1 Kg6 38. Ra4 Kf6 39. Kg1 Rf8 40. Ra7 Rc8 41. Ra6 Kg5 42. Ra7 Bg7 43. Ra4 Be5 44. Kf1 Kg6 45. Kg1 Kf7 46. Ra6 Ke7 47. Ra4 Kd7 48. Kh2 Rh8+ 49. Kg1 Rh7 50. Rb4 Kc8 51. Ra4 Kb7 52. Ra2 Rh8 53.
Ra4 Ra8 54. Rxa8 Kxa8 55. Kh2 Kb7 56. Bxf3 gxf3 57. Kh3 Kc8 58. Kg4 Kd7 59. Kxf3 Ke7 60. Kg4 Kf6 61. f4 Bc3 62. Kf3 Bd2 63. g4 Kg6 64.
Ke2 Bc1 65. Kf3 Bb2 66. Ke2 Bc1 67. Kf3 Kf6 68. Ke2 Kg6 1/2-1/2